 Dungeon Crawl Stone Soup version 0.32-a0-131-g9dbbe29 (webtiles) character file.

Game seed: 16530516250891432506

56 Cont the Covered (level 4, -2/35 HPs)
             Began as a Djinni Fighter on Feb 8, 2024.
             Killed by nerve-wracking pain
             ... invoked by an orc priest
              (10 damage)
             ... on level 3 of the Dungeon.
             The game lasted 00:03:58 (1579 turns).

Cont the Covered (Djinni Fighter)                   Turns: 1579, Time: 00:03:58

Health: -2/35      AC:  8    Str: 17    XL:     4   Next: 15%
Gold:   212        EV:  9    Int: 10    God:
                   SH:  4    Dex: 12

rFire   + + .        a - +0 war axe
rCold   x . .        c - +0 buckler
rNeg    . . .        b - +0 scale mail
rPois   ∞            h - +0 helmet
rElec   .            (no cloak)
rCorr   .            (no gloves)
SInv    +            (boots unavailable)
Will    .....        (no amulet) Stlth
                     f - ring of see invisible
HPRegen 0.25/turn    (no ring)
MPRegen 0.00/turn

%: infuse magic (-3 HP)
@: flying
A: sickness immunity, fire resistance 2, cold vulnerability 1, float, innate
caster, HP casting, extra vitality 1
a: no special abilities


You were on level 3 of the Dungeon.
You visited 1 branch of the dungeon, and saw 3 of its levels.

You collected 212 gold pieces.

Inventory:

Hand Weapons
 a - a +0 war axe (weapon)
 i - a +2 whip of draining
Armour
 b - a +0 scale mail (worn)
 c - a +0 buckler (worn)
 h - a +0 helmet (worn)
Jewellery
 f - a ring of see invisible (left hand)
Potions
 d - a potion of might
 e - 2 potions of haste
 g - a potion of enlightenment


   Skills:
 + Level 3.3 Fighting
 + Level 2.0 Axes
 + Level 0.2(1.2) Maces & Flails
 + Level 3.5 Armour
 + Level 0.4 Dodging
 + Level 3.3 Shields


You knew the following spells:

 Your Spells              Type           Power      Damage    Failure   Level
a - Shock                 Conj/Air       0%         1d3       85%         1
Your spell library was empty.

Dungeon Overview and Level Annotations

Branches:
Dungeon (3/15)

Altars:

Shops:
D:2 ?   D:3 =


Innate Abilities, Weirdness & Mutations

You are immune to sickness and miasma.
You are immune to poison.
Your flesh is very heat resistant. (rF++)
You are vulnerable to cold. (rC-)
You float through the air rather than walking.
You learn spells naturally, not from books.
Your magical power is your life essence.
You have superior vitality. (+4 MHP)


Message History

You block the hobgoblin's attack.
You hit the hobgoblin.
The hobgoblin is moderately wounded.
You block the hobgoblin's attack.
You hit the hobgoblin.
The hobgoblin is almost dead.
You block the hobgoblin's attack.
You hit the hobgoblin but do no damage.
The hobgoblin is almost dead.
The hobgoblin barely misses you. The hobgoblin closely misses you.
You slash the hobgoblin!
You kill the hobgoblin!
You start waiting.
A ball python comes into view.
The ball python bites you. The ball python grabs you.
The ball python constricts you.
You escape the ball python's grasp.
The orc priest mumbles some strange prayers to Beogh against you.
Beogh smites you!
You hit the ball python but do no damage.
The ball python bites you. The ball python grabs you.
The ball python constricts you.
The ball python bites you but does no damage.
The ball python constricts you.
You hit the ball python.
You kill the ball python!
The orc priest invokes the aid of Beogh against you.
Beogh smites you!
* * * LOW HITPOINT WARNING * * *
You see here a ball python corpse.
An orc priest is nearby!
You hit the orc priest.
The orc priest is moderately wounded.
The orc priest hits you but does no damage.
You closely miss the orc priest.
The orc priest is moderately wounded.
The orc priest casts a cantrip, but nothing happens.
The orc priest calls down the wrath of Beogh upon you.
Pain shoots through your body!
You die...

.. #. ..... #.#.#
#.#.## #.#.. #.#.#
# ##### #.#.##.###
#...###.†.......
#.#.....@.......
#.##...#####o##.##.
#.....## .# ..
#####.# .# . #.# .#
#.# ###.###
.######.# ≈≈≈≈≈≈≈
........###≈ooo...
.######...<≈≈≈≈≈≈≈


You could see an orc priest and an orc.

Vanquished Creatures
  An adder (D:2)
  A dart slug (D:1)
  A ribbon worm (D:2)
  4 bats
  An endoplasm (D:2)
  A giant cockroach (D:1)
  3 goblins
  7 hobgoblins
  4 jackals
  3 quokkas (D:1)
  5 ball pythons
  2 frilled lizards (D:1)
  3 kobolds
  3 rats
39 creatures vanquished.

Notes
Turn   | Place    | Note
-------+----------+-------------------------------------------
     0 | D:1      | Cont the Djinni Fighter began the quest for the Orb.
     0 | D:1      | Reached XP level 1. HP: 20/20 MP: 0/0
   205 | D:1      | Reached XP level 2. HP: 25/25 MP: 0/0
   702 | D:1      | Reached XP level 3. HP: 30/30 MP: 0/0
   702 | D:1      | Learned a level 1 spell: Shock
  1134 | D:2      | Reached XP level 4. HP: 34/35 MP: 0/0
  1469 | D:2      | Found Dehueck's Magic Scroll Shoppe.
  1516 | D:3      | Found Nanlaob's Jewellery Shop.
  1579 | D:3      | Killed from afar by an orc priest

Illustrated notes

Levels and vault maps discovered:
D:1:      lightli_arrival_maybe_door_vault, layout_basic,
          chequers_serial_rivers_room_b, chequers_serial_rivers_micro_b,
          minmay_misc_feat_rows, minmay_misc_feat_x,
          nicolae_concentric_dashed_squares_wild
D:2:      layout_loops_cross, serial_shops, shop,
          chequers_serial_rivers_small_3, minmay_3d_cube
D:3:      layout_loops_ring, gammafunk_temple_overflow_statue, serial_shops,
          nicolae_shop_peninsula, shop, shop

Skill      XL: |  1  2  3 |
---------------+----------+-----
Axes           | 2 |  2.0
Fighting       | |  3.3
Maces & Flails | |  0.2
Armour         | |  3.5
Dodging        | |  0.4
Shields        | |  3.3

Action                     |  1- 3 |  4- 6 || total
---------------------------+-------+-------++-------
  Melee: War axe           |    65 |    20 ||    85
         Whip              |    17 |       ||    17
    Use: Scroll            |     6 |       ||     6
 Armour: Scale mail        |    66 |    17 ||    83
  Dodge: Dodged            |    40 |     7 ||    47
  Block: Buckler           |    22 |    14 ||    36

Table legend: (Time is in decaauts)
 A = Elapsed time spent in this place.
 B = Non-inter-level travel time spent in this place.
 C = Inter-level travel time spent in this place.
 D = Time resting spent in this place.
 E = Time spent auto-exploring this place.
 F = Levels seen in this place.
 G = Mean time per level.
                   A        B        C        D        E       F      G
               +--------+--------+--------+--------+--------+-----+--------+
         Total |   1615 |   1594 |     21 |     36 |   1176 |   3 |  538.3 |
       Dungeon |   1615 |   1594 |     21 |     36 |   1176 |   3 |  538.3 |
               +--------+--------+--------+--------+--------+-----+--------+

Top non-repeatable levels by time:
     D:1: 822 daAuts
     D:2: 727 daAuts
     D:3: 65 daAuts
